 Dungeon Crawl Stone Soup version 0.31.0-32-g396128a36d (webtiles) character file.

Game seed: 138727447388821188

100 gohu the Magician (level 5, 0/35 HPs)
             Began as a Djinni Fire Elementalist on Mar 14, 2024.
             Slain by an iguana (12 damage)
             ... on level 2 of the Dungeon.
             The game lasted 00:02:40 (1477 turns).

gohu the Magician (Djinni Fire Elementalist)        Turns: 1477, Time: 00:02:41

Health: 0/35       AC:  2    Str:  7    XL:     5   Next: 3%
Gold:   32         EV: 12    Int: 18    God:
                   SH:  0    Dex: 14

rFire   + + .        (no weapon)
rCold   x . .        (no shield)
rNeg    . . .        a - +0 robe
rPois   ∞            (no helmet)
rElec   .            (no cloak)
rCorr   .            (no gloves)
SInv    .            (boots unavailable)
Will    .....        (no amulet)
Stlth   ++           (no ring)
HPRegen 0.25/turn    (no ring)
MPRegen 0.00/turn

%: infuse magic (-1 HP)
@: flying
A: sickness immunity, fire resistance 2, cold vulnerability 1, float, innate
caster, HP casting, extra vitality 1
a: no special abilities


You were on level 2 of the Dungeon.
You visited 1 branch of the dungeon, and saw 2 of its levels.

You collected 32 gold pieces.

Inventory:

Armour
 a - a +0 robe (worn)
Scrolls
 b - 4 scrolls of identify {unknown}
 e - 2 scrolls of silence {unknown}
 f - a scroll of teleportation {unknown}
Potions
 c - a potion of brilliance {unknown}
 d - a potion of might {unknown}
 g - 2 potions of degeneration {unknown}
 h - a potion of curing {unknown}


   Skills:
 - Level 2.1 Dodging
 - Level 1.5 Stealth
 * Level 4.6 Spellcasting
 * Level 4.6 Conjurations
 * Level 4.6 Hexes
   Level 0.0 Charms
 * Level 4.6 Summonings
 * Level 4.6 Necromancy
 * Level 4.6 Translocations
   Level 0.0 Transmutations
 * Level 4.6 Fire Magic
 * Level 4.6 Ice Magic
 * Level 4.6 Air Magic
 * Level 4.6 Earth Magic
 * Level 4.6 Alchemy


You knew the following spells:

 Your Spells              Type           Power      Damage    Failure   Level
a - Foxfire               Conj/Fire      80%        2x1d8     1%          1
b - Scorch                Fire           40%        2d6       3%          2
c - Volatile Blastmotes   Fire/Tloc      40%        2d13      6%          3
d - Inner Flame           Hex/Fire       20%        N/A       6%          3
e - Flame Wave            Conj/Fire      20%        2d7       21%         4
f - Freeze                Ice            80%        1d9       1%          1
g - Static Discharge      Conj/Air       40%        3-5/arc   3%          2
Your spell library was empty.

Dungeon Overview and Level Annotations

Branches:
Dungeon (2/15)

Altars:


Innate Abilities, Weirdness & Mutations

You are immune to sickness and miasma.
You are immune to poison.
Your flesh is very heat resistant. (rF++)
You are vulnerable to cold. (rC-)
You float through the air rather than walking.
You learn spells naturally, not from books.
Your magical power is your life essence.
You have superior vitality. (+4 MHP)


Message History

Spell assigned to 'g'.
Casting: Foxfire (safe; 1% risk of failure)
Confirm with . or Enter, or press ? or * to list all spells.
You conjure some foxfire!
The foxfire hits the ball python!
You kill the ball python!
Your foxfire dissipates!
h - a grey potion You reach down and open the door.
A bat and an iguana come into view.
Found a stone staircase leading down.
Casting: Foxfire (safe; 1% risk of failure)
Confirm with . or Enter, or press ? or * to list all spells.
Flames lash the iguana.
The iguana hisses angrily.
The iguana is moderately wounded.
The iguana's fire resistance burns away.
Casting: Scorch (safe; 3% risk of failure)
Confirm with . or Enter, or press ? or * to list all spells.
Flames lash the iguana.
The iguana is burned terribly!
The iguana is heavily wounded.
The iguana bites you. The iguana bites you!
Casting: Scorch (safe; 3% risk of failure)
Confirm with . or Enter, or press ? or * to list all spells.
Flames lash the bat.
You kill the bat!
The iguana misses you. The iguana bites you.
Casting: Scorch (safe; 3% risk of failure)
Confirm with . or Enter, or press ? or * to list all spells.
Flames lash the iguana but do no damage.
The iguana barely misses you.
The iguana bites you but does no damage.
Casting: Scorch (safe; 3% risk of failure)
Confirm with . or Enter, or press ? or * to list all spells.
Flames lash the iguana.
The iguana is burned terribly!
The iguana is almost dead.
The iguana bites you!
You die...

#.# #..# #...>.# #.#
#..# +.....# #.# #...
#.....# #.####.# #.....
#.#..... #.... #.#.##.#
... #.#.##.#
#######l#########....†..
.......@................
#######.###########.###.
#.# ...........#. #.#
############. #.. . ###
. .


You could see an iguana (combustible).

Vanquished Creatures
  A hound (D:2)
  A gnoll (D:1)
  A dart slug (D:1)
  3 ribbon worms (D:2)
  6 bats
  3 endoplasms
  A giant cockroach (D:1)
  3 goblins
  5 hobgoblins
  7 jackals
  3 kobolds
  3 quokkas
  5 ball pythons
  4 frilled lizards
  5 rats
51 creatures vanquished.

Vanquished Creatures (others)
  115 foxfires
115 creatures vanquished.

Grand Total: 166 creatures vanquished

Notes
Turn   | Place    | Note
-------+----------+-------------------------------------------
     0 | D:1      | gohu the Djinni Fire Elementalist began the quest for the
                  | Orb.
     0 | D:1      | gohu set off with the following spells memorised: Foxfire,
                  | Scorch, Volatile Blastmotes, Inner Flame, Flame Wave.
     0 | D:1      | Reached XP level 1. HP: 15/15 MP: 0/0
   162 | D:1      | Reached XP level 2. HP: 20/21 MP: 0/0
   508 | D:1      | Reached XP level 3. HP: 25/25 MP: 0/0
   508 | D:1      | Learned a level 1 spell: Freeze
   881 | D:2      | Reached XP level 4. HP: 24/31 MP: 0/0
  1206 | D:2      | Found a faded altar of an unknown god.
  1446 | D:2      | Reached XP level 5. HP: 35/35 MP: 0/0
  1446 | D:2      | Learned a level 2 spell: Static Discharge
  1477 | D:2      | Slain by an iguana

Illustrated notes

Levels and vault maps discovered:
D:1:      lemuel_arrival_cross, layout_loops_ring, minmay_pentomino_z4
D:2:      layout_basic, shapermc_ecumenical_altar_notcrosses

Skill      XL: |  1  2  3 |
---------------+----------+-----
Spellcasting   | 4 |  4.6
Conjurations   | 4 |  4.6
Hexes          | 4 |  4.6
Summonings     | 4 |  4.6
Necromancy     | 4 |  4.6
Translocations | 4 |  4.6
Fire Magic     | 4 |  4.6
Ice Magic      | 4 |  4.6
Air Magic      | 4 |  4.6
Earth Magic    | 4 |  4.6
Alchemy        | 4 |  4.6
Dodging        | |  2.1
Stealth        | |  1.5

Action                     |  1- 3 |  4- 6 || total
---------------------------+-------+-------++-------
   Cast: Foxfire           |    46 |    28 ||    74
         Scorch            |     4 |     8 ||    12
 Armour: Robe              |     6 |     5 ||    11
  Dodge: Dodged            |     5 |     3 ||     8
